 Dungeon Crawl Stone Soup version 0.31.0-9-g3a7656b989 (webtiles) character file.

Game seed: 1806524998631688243

144 qw the Shooter (level 4, -1/36 HPs)
             Began as a Demigod Hunter on Feb 2, 2024.
             Succumbed to an adder's poison
             ... on level 3 of the Dungeon.
             The game lasted 00:00:09 (2866 turns).

qw the Shooter (Demigod Hunter)                     Turns: 2866, Time: 00:00:10

Health: -1/36      AC:  9    Str: 12    XL:     4   Next: 76%
Magic:  6/6        EV: 11    Int: 11    God:
Gold:   111        SH:  0    Dex: 21    Spells: 3/3 levels left

rFire   . . .        a - +0 shortbow (freeze)
rCold   . . .        (shield currently unavailable)
rNeg    . . .        b - +0 ring mail
rPois   .            (no helmet)
rElec   .            g - +2 cloak
rCorr   +            (no gloves)
SInv    .            j - +0 pair of boots
Will    .....        d - amulet of the acrobat
Stlth   +            e - ring of resist corrosion
HPRegen 0.26/turn    (no ring)
MPRegen 0.10/turn

%: acrobat
@: lethally poisoned (-1 -> -11)
A: high MP 1, forlorn, divine attributes
a: no special abilities


You were on level 3 of the Dungeon.
You visited 1 branch of the dungeon, and saw 4 of its levels.

You collected 111 gold pieces.


Innate Abilities, Weirdness & Mutations

You have an increased reservoir of magic. (+10% MP)
You shall have no god before yourself.
Your divine heritage dramatically boosts your attributes as you level up.


   Skills:
 - Level 2.0 Fighting
 + Level 5.4 Ranged Weapons
 - Level 1.2 Armour
 - Level 2.0 Dodging
 - Level 0.8 Stealth


You had 3 spell levels left.
You didn't know any spells.
Your spell library was empty.

Inventory:

Hand Weapons
 a - a +0 shortbow of freezing (weapon)
Armour
 b - a +0 ring mail (worn)
 g - a +2 cloak (worn)
 j - a +0 pair of boots (worn)
Jewellery
 d - an amulet of the acrobat (around neck)
 e - a ring of resist corrosion (left hand)
Potions
 h - 3 potions of cancellation
 i - 2 potions of mutation

Dungeon Overview and Level Annotations

Branches:
Dungeon (4/15)
 Temple: D:4-7

Annotations:
D:2 1 runed translucent door, Crazy Yiuf
D:4 1 transporter


Message History

You feel sick.
The scorpion stings you but does no damage.
The adder misses you. The scorpion stings you. The adder bites you.
You shoot an arrow.
The arrow hits the scorpion but does no damage.
The scorpion is lightly wounded.
You feel sick.
You are no longer poisoned.
The adder bites you. The scorpion stings you.
You are poisoned.
The scorpion poisons you!
You shoot an arrow.
The arrow hits the scorpion but does no damage.
The scorpion is lightly wounded.
You feel very sick. The adder bites you.
You are lethally poisoned!
The adder poisons you!
The scorpion stings you but does no damage.
The adder bites you but does no damage.
The scorpion stings you but does no damage.
You shoot an arrow. The arrow barely misses the scorpion.
You feel very sick. The adder closely misses you. The scorpion stings you.
You shoot an arrow. The arrow hits the scorpion.
The arrow freezes the scorpion.
The scorpion is heavily wounded.
You feel very sick. The adder bites you but does no damage.
The scorpion stings you but does no damage.
The adder barely misses you.
The scorpion stings you but does no damage.
You shoot an arrow. The arrow barely misses the scorpion.
You feel sick. The adder bites you.
You are more poisoned.
The adder poisons you! The scorpion barely misses you.
The adder barely misses you.
You shoot an arrow.
The arrow hits the scorpion but does no damage.
The scorpion is heavily wounded.
You die...

##.##.## #.# #.#...####
#.# #........# #.#
########### ###...##.# #.#
#..........
#####.###.#####.#
##..........
....#...........##
#...#.......
###..............#
#.#..##.....
#######.######S#
###.#..#.#.... ###
#.######@###.......#.##..
..#
#.#....s.....###....##.#.
#.#
##.#.####.######.....#.#.#
#.# #....# #.# #......#.##
#.# ###..#### #.#
#.......##. #)####.......#
#.### #..........
#.##...###.#.###...#
#..........
.......###..[....#.#
#.......##.
##.......#.#.###...#
#......#.##


You could see a scorpion and an adder.

Vanquished Creatures
  Jessica (D:3)
  Terence (D:2)
  2 adders (D:2)
  2 ribbon worms (D:2)
  3 orcs (D:3)
  4 ball pythons
  11 endoplasms
  5 giant cockroaches
  5 goblins
  7 hobgoblins
  4 quokkas
  3 bats
  4 frilled lizards
  5 kobolds
  3 rats
60 creatures vanquished.

Notes
Turn   | Place    | Note
-------+----------+-------------------------------------------
     0 | D:1      | qw the Demigod Hunter began the quest for the Orb.
     0 | D:1      | Reached XP level 1. HP: 17/17 MP: 3/3
     0 | D:1      | 0 ||| qw: Version: 0.3-a-155-g5e7d8dd
     0 | D:1      | 0 ||| qw: Game counter: 167
     0 | D:1      | 0 ||| qw: Melee chars always use a shield: true
     0 | D:1      | 0 ||| qw: God list: Okawaru
     0 | D:1      | 0 ||| qw: Allow faded altars: false
     0 | D:1      | 0 ||| qw: Do Orc after clearing Dungeon:15 true
     0 | D:1      | 0 ||| qw: Do second Lair branch before Depths: true
     0 | D:1      | 0 ||| qw: Lair rune preference: random
     0 | D:1      | 0 ||| qw: Goals: Normal
     0 | D:1      | 0 ||| PLANNING D:1-11
    92 | D:1      | Reached skill level 4 in Ranged Weapons
    97 | D:1      | Reached XP level 2. HP: 23/24 MP: 4/4
  1016 | D:1      | 1016 ||| UPGRADING to ring of resist corrosion.
  1017 | D:1      | 1017 ||| READING scroll labelled WOCEMIA UFEMN.
  1017 | D:1      | 1017 ||| BRANDING +0 shortbow.
  1018 | D:1      | 1018 ||| READING scroll labelled UPPODGHUASA.
  1018 | D:1      | 1018 ||| IDENTIFYING scroll labelled KOMOZX CIWN
  1019 | D:1      | 1019 ||| DROPPING scroll of butterflies.
  1020 | D:1      | 1020 ||| DROPPING scroll of noise.
  1054 | D:2      | Noticed Terence
  1061 | D:2      | Killed Terence
  1062 | D:2      | Reached XP level 3. HP: 13/29 MP: 5/5
  1063 | D:2      | 1063 ||| FLEEEEING.
  1066 | D:2      | 1066 ||| FLEEEEING.
  1117 | D:2      | 1117 ||| FLEEEEING.
  1280 | D:2      | Reached skill level 5 in Ranged Weapons
  1296 | D:2      | Reached XP level 4. HP: 26/36 MP: 6/6
  1655 | D:2      | Found a runed translucent door.
  1656 | D:2      | Noticed Crazy Yiuf
  1887 | D:2      | 1887 ||| UPGRADING to +0 ring mail.
  1897 | D:2      | 1897 ||| DROPPING +0 leather armour.
  1898 | D:2      | 1898 ||| UPGRADING to amulet of the acrobat.
  1955 | D:3      | Noticed Jessica
  1956 | D:3      | Killed Jessica
  1957 | D:3      | Reached skill level 1 in Armour
  2711 | D:3      | 2711 ||| UPGRADING to +2 cloak.
  2716 | D:3      | 2716 ||| UPGRADING to +0 pair of boots.
  2721 | D:3      | 2721 ||| READING 4 scrolls of identify.
  2721 | D:3      | 2721 ||| IDENTIFYING clear potion
  2722 | D:3      | 2722 ||| READING 3 scrolls of identify.
  2722 | D:3      | 2722 ||| IDENTIFYING 2 viscous white potions
  2723 | D:3      | 2723 ||| READING 2 scrolls of identify.
  2723 | D:3      | 2723 ||| IDENTIFYING 3 inky potions
  2724 | D:3      | 2724 ||| READING scroll of identify.
  2724 | D:3      | 2724 ||| IDENTIFYING scroll labelled BAXUKE VIERIAN
  2725 | D:3      | 2725 ||| DROPPING potion of invisibility.
  2726 | D:3      | 2726 ||| DROPPING scroll of blinking.
  2762 | D:4      | 2762 ||| STAIRDANCE
  2854 | D:4      | Found a transporter.
  2855 | D:4      | 2855 ||| STAIRDANCE
  2863 | D:3      | HP: 8/36 [poisoned by an adder]
  2865 | D:3      | HP: 3/36 [poisoned by an adder]
  2866 | D:3      | Succumbed to an adder's poison

Levels and vault maps discovered:
D:1:      minmay_arrival_three_doors, layout_basic, minmay_box_of_dots
D:2:      layout_loops_cross, columned_hall_lemuel, uniq_crazy_yiuf_cottage,
          uniq_terence
D:3:      layout_loops_ring, overflow_temple_1_default,
          minmay_misc_feat_secret_circle, mrwooster_statue_mirror,
          kennysheep_minor_cross, uniq_jessica
D:4:      gammafunk_cloud_chamber, layout_cave_pools,
          mainiacjoe_overflow_two_lobes, gammafunk_ghost_gnarly_gnolls,
          nicolae_shop_gadgets

Skill      XL: |  1  2  3  4 |
---------------+-------------+-----
Ranged Weapons | 4 5 |  5.4
Fighting       | 2 |  2.0
Dodging        | 2 |  2.0
Armour         | 1 |  1.2
Stealth        | |  0.8

Action                     |  1- 3 |  4- 6 || total
---------------------------+-------+-------++-------
   Fire: Shortbow          |   113 |    57 ||   170
    Use: Scroll            |     2 |     4 ||     6
 Armour: Leather armour    |    20 |       ||    20
         Ring mail         |       |    27 ||    27
  Dodge: Dodged            |    22 |     9 ||    31

Table legend:
 A = Non-vault XP
 B = Vault XP
 C = Vault XP percentage of total XP
 D = Non-vault monster count
 E = Vault monster count
 F = Vault count percentage of total count
                 A         B        C        D         E       F
            +---------+---------+-------+---------+---------+-------
      Total |     127 |      79 |  38.3 |      55 |       5 |   8.3
            +---------+---------+-------+---------+---------+-------
        D:1 |      37 |       6 |  14.0 |      21 |       3 |  12.5
        D:2 |      57 |      36 |  38.7 |      17 |       1 |   5.6
        D:3 |      33 |      37 |  52.9 |      17 |       1 |   5.6
            +---------+---------+-------+---------+---------+-------
